AoeStats
← Fluvialgeomorphologist

Black Forest

507650671Analyzed
3v3 RM · 12d ago on Sep 19, 2026· 68m 19s· 6 players
Game mode
Random Map
Map size
Normal (6 player)
Population
200
Speed
Normal
Resources
Standard
Victory
Conquest
Starting age
Dark Age
Ending age
Imperial Age
RankedLock teamsTeams togetherTeam positionsShared explorationLock speedFull tech treeHidden civsTurbo modeCheats
Victory
Defeat
🇺🇸 Bohemians · United States
905
+16
🇺🇸 Mongols · United States
884
+17
🇺🇸 Bulgarians · United States
879
+17
🇵🇪 Portuguese · Peru
1060
-22
🇵🇪 Italians · Peru
839
-14
🇵🇪 Franks · Peru
838
-14
Socrates_Johnson
1:22 Loom
12:00 Feudal Age
16:43 Castle Age
15:01 Double-Bit Axe
16:10 Horse Collar
16:25 Fletching
16:33 Stone Mining
19:52 Bodkin Arrow
27:55 Bow Saw
27:49 Heavy Plow
27:59 Scale Barding Armor
28:04 Forging
32:18 Wheelbarrow
31:54 Gold Mining
34:22 Gold Shaft Mining
34:05 Hand Cart
34:41 Murder Holes
35:08 Ballistics
36:27 Masonry
39:38 Imperial Age
37:06 Stirrups
37:48 Chain Barding Armor
38:04 Iron Casting
37:30 Scale Mail Armor
38:42 Caravan
40:01 Light Cavalry
40:51 Bloodlines
40:42 Husbandry
40:03 Cavalier
41:22 Plate Barding Armor
41:48 Blast Furnace
41:25 Architecture
40:29 Pikeman
41:09 Squires
41:59 Conscription
41:30 Onager
42:47 Chain Mail Armor
41:56 Elite Konnik
43:29 Crop Rotation
44:17 Bagains
44:22 Arson
47:12 Capped Ram
48:43 Gambesons
48:33 Siege Ram
53:24 Hussar
57:00 Halberdier
60:20 Siege Onager
60:29 Siege Onager
64:01 Plate Mail Armor
63:32 Bracer
Fluvialgeomorphologist
2:50 Loom
11:19 Feudal Age
15:37 Castle Age
13:57 Double-Bit Axe
13:56 Horse Collar
15:59 Wheelbarrow
16:38 Bow Saw
16:35 Heavy Plow
22:15 Gold Mining
23:53 Hand Cart
24:47 Stone Mining
30:00 Imperial Age
28:27 Caravan
29:49 Gold Shaft Mining
29:55 Stone Shaft Mining
31:39 Husbandry
31:50 Bloodlines
31:01 Elite Steppe Lancer
31:02 Light Cavalry
32:33 Heavy Camel Rider
34:08 Forging
34:03 Scale Barding Armor
33:59 Padded Archer Armor
33:50 Fletching
34:01 Scale Mail Armor
35:03 Chemistry
34:10 Siege Engineers
34:02 Murder Holes
33:50 Capped Ram
34:48 Town Watch
35:57 Conscription
37:18 Ballistics
37:38 Iron Casting
37:23 Chain Barding Armor
37:20 Leather Archer Armor
37:00 Bodkin Arrow
37:45 Onager
38:54 Drill
38:36 Nomads
38:42 Nomads
39:02 Hussar
40:46 Siege Onager
43:15 Elite Mangudai
45:19 Hoardings
49:03 Bracer
51:17 Siege Ram
53:59 Heavy Scorpion
LcudaFC
1:12 Loom
13:50 Feudal Age
19:06 Castle Age
20:18 Fletching
20:31 Horse Collar
20:51 Double-Bit Axe
21:40 Heavy Plow
22:38 Bow Saw
25:34 Fervor
28:42 Town Watch
31:31 Wheelbarrow
33:28 Sanctity
33:39 Fortified Wall
34:57 Chemistry
38:16 Ballistics
37:55 Murder Holes
38:22 Hand Cart
38:08 Town Patrol
38:22 Padded Archer Armor
38:34 Forging
38:35 Bodkin Arrow
42:16 Imperial Age
44:50 Houfnice
45:41 Elite Hussite Wagon
54:14 Siege Engineers
58:38 Caravan
rust.2019
10:29 Feudal Age
16:54 Castle Age
15:47 Double-Bit Axe
16:33 Gold Mining
18:37 Wheelbarrow
19:42 Gold Shaft Mining
19:26 Bow Saw
19:34 Forging
19:30 Scale Barding Armor
19:55 Hand Cart
23:17 Husbandry
24:09 Iron Casting
23:40 Scale Barding Armor
26:05 Chain Barding Armor
30:25 Town Watch
30:29 Loom
35:01 Imperial Age
34:06 Town Patrol
35:23 Ballistics
35:16 Masonry
35:15 Cavalier
37:01 Blast Furnace
36:37 Plate Barding Armor
36:50 Paladin
39:05 Chemistry
38:12 Siege Engineers
51:40 Caravan
52:32 Conscription
52:48 Hoardings
52:23 Chivalry
56:10 Architecture
63:04 Hoardings
62:50 #83
61:50 Elite Throwing Axeman
62:42 Scale Mail Armor
64:24 Murder Holes
PenguQlon
0:49 Loom
12:44 Feudal Age
13:57 Double-Bit Axe
14:04 Stone Mining
17:12 Castle Age
16:39 Gold Mining
18:06 Horse Collar
20:30 Bow Saw
22:55 Heavy Plow
25:44 Ballistics
25:37 Fortified Wall
31:50 Imperial Age
29:57 Wheelbarrow
29:09 Town Watch
30:10 Fletching
33:17 Stone Shaft Mining
34:00 Bodkin Arrow
34:50 Ballistics
35:30 Chemistry
36:22 Hand Cart
36:39 Crop Rotation
37:10 Two-Man Saw
37:00 Elite Organ Gun
38:01 Conscription
39:10 Bracer
39:25 Siege Engineers
40:21 Chemistry
39:34 Arquebus
40:46 Town Watch
47:52 Light Cavalry
48:45 Bloodlines
48:45 Scale Barding Armor
48:51 Forging
50:34 Onager
51:55 Husbandry
58:55 Chain Barding Armor
59:10 Iron Casting
60:25 Crossbowman
61:13 Thumb Ring
Hiro Moroboshi
0:50 Loom
12:42 Feudal Age
19:29 Castle Age
17:35 Double-Bit Axe
21:12 Fishing Lines
23:15 Wheelbarrow
23:23 Bow Saw
23:15 Stone Mining
24:19 Gillnets
25:39 Gold Mining
27:39 Town Watch
30:29 Horse Collar
33:56 Imperial Age
31:58 Ballistics
32:51 Hand Cart
33:42 Fletching
33:52 Padded Archer Armor
33:42 Fletching
33:52 Padded Archer Armor
33:42 Fletching
34:32 Masonry
34:07 Elite Skirmisher
34:53 Thumb Ring
35:54 Chemistry
36:17 Fortified Wall
35:49 Treadmill Crane
36:41 Architecture
37:08 Conscription
36:56 Elite Genoese Crossbowman
41:36 Bodkin Arrow
41:56 Leather Archer Armor
41:52 Forging
41:47 Scale Barding Armor
41:53 Forging
41:48 Scale Barding Armor
41:59 Cavalier
42:56 Bloodlines
42:46 Husbandry
46:12 Iron Casting
45:57 Chain Barding Armor
46:12 Iron Casting
45:57 Chain Barding Armor
46:13 Iron Casting
45:58 Chain Barding Armor
45:39 Bracer
46:09 Ring Archer Armor
45:39 Bracer
46:09 Ring Archer Armor
45:40 Bracer
45:59 Heavy Plow
47:56 Blast Furnace
48:52 Light Cavalry
50:10 Hussar
51:40 Silk Road
56:23 Squires
58:41 Caravan
Connection lost

Rejoining the realm…

Still unreachable

The connection could not be restored.

Session expired

The server has moved on; the page needs a fresh start.